 Dungeon Crawl Stone Soup version 0.32-a0-86-g8db1b9f803 (webtiles) character file.

Game seed: 6988693542220234057

1323 Atlas the Thaumaturge (level 8, -14/41 HPs)
             Began as a Deep Elf Fire Elementalist on Feb 5, 2024.
             Demolished by an ogre
             ... wielding a +0 giant club
              (16 damage)
             ... on level 6 of the Dungeon.
             The game lasted 00:09:37 (6526 turns).

Atlas the Thaumaturge (Deep Elf Fire Elementalist)  Turns: 6526, Time: 00:09:38

Health: -14/41     AC:  9    Str:  5    XL:     8   Next: 33%
Magic:  32/32      EV:  9    Int: 23    God:
Gold:   168        SH:  0    Dex: 15    Spells: 22/25 levels left

rFire   + . .        s - +0 flail (protect)
rCold   . . .        (no shield)
rNeg    . . .        B - +2 ring mail {rF+}
rPois   .            p - +0 helmet
rElec   .            (no cloak)
rCorr   .            f - +0 pair of gloves
SInv    .            (no boots)
Will    +....        (no amulet)
Stlth   ++           d - ring of willpower
HPRegen 0.26/turn    i - ring of magical power
MPRegen 0.23/turn

%: no passive effects
@: mighty, slowed, very slow
A: no striking features
a: no special abilities


You were on level 6 of the Dungeon.
You visited 1 branch of the dungeon, and saw 6 of its levels.

You collected 228 gold pieces.
You spent 60 gold pieces at shops.

Inventory:

Hand Weapons
 s - a +0 flail of protection (weapon)
Armour
 f - a +0 pair of gloves (worn)
 p - a +0 helmet (worn)
 B - a +2 ring mail of fire resistance (worn)
Jewellery
 d - a ring of willpower (left hand)
 h - an amulet of guardian spirit
 i - a ring of magical power (right hand)
 j - a ring of see invisible
Wands
 t - a wand of roots (7)
 z - a wand of polymorph (4)
Scrolls
 e - 2 scrolls of amnesia
 m - 2 scrolls of noise
 q - a scroll of enchant weapon
 r - 3 scrolls of identify
 w - a scroll of immolation {unknown}
 y - a scroll of vulnerability {unknown}
Potions
 a - a potion of enlightenment {unknown}
 b - a potion of magic
 c - 2 potions of invisibility {unknown}
 g - a potion of ambrosia
 k - a potion of lignification
 l - 3 potions of might
 n - a potion of brilliance {unknown}
 o - a potion of mutation {unknown}
 u - 3 potions of curing {unknown}
 x - a potion of heal wounds {unknown}
 A - a potion of attraction {unknown}


   Skills:
 + Level 0.1 Maces & Flails
 + Level 1.5 Armour
 + Level 2.6 Dodging
 + Level 3.3 Stealth
 + Level 9.4 Spellcasting
 + Level 4.1 Conjurations
 + Level 7.1 Fire Magic


You had 22 spell levels left.
You knew the following spells:

 Your Spells              Type           Power      Damage    Failure   Level
a - Scorch                Fire           86%        2d8       2%          2
b - Foxfire               Conj/Fire      100%       2x1d9     2%          1

Your spell library contained the following spells:

 Spells                   Type           Power      Damage    Failure   Level
 Kiss of Death            Conj/Necr      80%        2d11      12%         1
 Sting                    Conj/Alch      80%        1d8       12%         1
 Inner Flame              Hex/Fire       27%        N/A       19%         3
 Volatile Blastmotes      Fire/Tloc      54%        2d14      19%         3
 Flame Wave               Conj/Fire      36%        2d10      26%         4
 Mercury Vapours          Alch/Air       20%        N/A       38%         2
 Confusing Touch          Hex            10%        N/A       63%         3
 Ozocubu's Armour         Ice            10%        N/A       63%         3
 Dispel Undead            Necr           10%        3d9       95%         4
 Olgreb's Toxic Radiance  Alch           10%        N/A       95%         4
 Metabolic Englaciation   Hex/Ice        5%         N/A       100%        5
 Sculpt Simulacrum        Ice/Alch       5%         N/A       100%        6


Dungeon Overview and Level Annotations

Branches:
Dungeon (6/15)
 Temple: D:4-7

Altars:
Cheibriados
Gozag
Hepliaklqana
Qazlal
Trog
Xom
Yredelemnul
Zin

Shops:
D:3 ?   D:4 *

Annotations:
D:3 1 runed translucent door, RockinRobin's ghost, amateur TrFi


Message History

The crimson imp hits you but does no damage.
You hit the crimson imp.
The crimson imp is moderately wounded.
The crimson imp hits you but does no damage.
The crimson imp closely misses you. The crimson imp hits you.
The crimson imp blinks!
You closely miss the crimson imp.
The crimson imp hits you but does no damage.
The crimson imp completely misses you.
The crimson imp throws a stone.
The stone barely misses you.
The crimson imp blinks!
The crimson imp throws a stone.
The stone hits you.
The crimson imp blinks!
The crimson imp throws a stone.
The stone hits you but does no damage.
The crimson imp blinks!
An ogre comes into view. It is wielding a +0 giant club.
The crimson imp blinks!
There is an open door here.
The crimson imp shouts!
The crimson imp throws a stone.
The stone closely misses you.
The crimson imp blinks!
The ogre shouts!
You hit the crimson imp but do no damage.
Your weapon exudes an aura of protection.
The ogre closely misses you.
The crimson imp hits you with a +2 dagger of chaos.
The crimson imp freezes you.
The crimson imp hits you with a +2 dagger of chaos.
You feel yourself slow down. The ogre attacks as it pursues you!
The ogre hits you with a +0 giant club!
* * * LOW HITPOINT WARNING * * *
The crimson imp hits you with a +2 dagger of chaos.
* * * LOW HITPOINT WARNING * * *
You feel very mighty all of a sudden.
The crimson imp blinks!
Unknown command.
Okay, then.
As you read the scroll labelled POAZ BUASS, it dissolves into smoke.
It was a scroll of fog.
The ogre hits you with a +0 giant club!
You die...

#.... #...# #...#######+
#........... #...........
#........>..
#.....#...<.......
########.....#.5§#####...
............##.5@##.##...
............#..§O§§......
............#..§§§§......
............#............
............#............
............5............
............#............
............#............
............###.....##...


You could see an ogre and 3 crimson imps.

Vanquished Creatures
  Menkaure (D:3)
  Edmund (D:4)
  3 black bears
  An ice beast (D:6)
  An ogre (D:4)
  A howler monkey (D:4)
  3 hounds
  2 jellies
  2 orc priests (D:3)
  6 iguanas
  Robin (D:3)
  A gnoll (D:1)
  6 adders
  A white imp (D:6)
  2 ufetubi (D:5)
  A ribbon worm (D:2)
  2 dart slugs
  13 orcs
  11 endoplasms
  5 giant cockroaches
  19 goblins
  7 hobgoblins
  9 jackals
  6 kobolds
  5 quokkas
  8 ball pythons
  4 bats
  2 frilled lizards
  9 rats
133 creatures vanquished.

Vanquished Creatures (others)
  406 foxfires
406 creatures vanquished.

Grand Total: 539 creatures vanquished

Notes
Turn   | Place    | Note
-------+----------+-------------------------------------------
     0 | D:1      | Atlas the Deep Elf Fire Elementalist began the quest for
                  | the Orb.
     0 | D:1      | Reached XP level 1. HP: 10/10 MP: 6/6
   280 | D:1      | Reached XP level 2. HP: 15/15 MP: 4/8
   480 | D:1      | Reached XP level 3. HP: 19/19 MP: 5/9
  1693 | D:2      | Reached skill level 4 in Spellcasting
  1693 | D:2      | Reached XP level 4. HP: 17/24 MP: 8/12
  1696 | D:2      | Learned a level 2 spell: Scorch
  1906 | D:2      | Found a hazy altar of Hepliaklqana.
  1967 | D:2      | Found a faded altar of an unknown god.
  2775 | D:3      | Found a runed translucent door.
  2783 | D:3      | Noticed RockinRobin's ghost (amateur TrFi)
  3020 | D:3      | Found a bloodstained altar of Trog.
  3151 | D:3      | Found Mynaid's Magic Scroll Shop.
  3159 | D:3      | Bought a scroll of identify for 20 gold pieces
  3159 | D:3      | Bought a scroll of identify for 20 gold pieces
  3159 | D:3      | Bought a scroll of identify for 20 gold pieces
  3322 | D:3      | Noticed Robin
  3328 | D:3      | Killed Robin
  3329 | D:3      | Reached XP level 5. HP: 28/28 MP: 8/14
  3532 | D:3      | Reached skill level 5 in Spellcasting
  3679 | D:3      | Found a glowing silver altar of Zin.
  3998 | D:3      | Found a snail-covered altar of Cheibriados.
  4198 | D:4      | Noticed an ogre
  4198 | D:4      | Noticed a black bear
  4216 | D:4      | Killed an ogre
  4217 | D:4      | Reached skill level 6 in Spellcasting
  4217 | D:4      | Reached skill level 5 in Fire Magic
  4217 | D:4      | Reached XP level 6. HP: 32/32 MP: 17/17
  4324 | D:4      | Noticed Menkaure
  4327 | D:4      | Noticed Edmund
  4347 | D:3      | Killed Menkaure
  4348 | D:3      | Reached skill level 1 in Armour
  4348 | D:3      | Reached skill level 7 in Spellcasting
  4348 | D:3      | Reached XP level 7. HP: 15/36 MP: 19/19
  4622 | D:4      | Found a basalt altar of Yredelemnul.
  4838 | D:4      | Killed Edmund
  4839 | D:4      | Reached skill level 8 in Spellcasting
  5001 | D:4      | Found Gozag's Platinum Reserve.
  5112 | D:4      | Found an opulent altar of Gozag.
  5356 | D:5      | Entered Level 5 of the Dungeon
  5700 | D:5      | Reached XP level 8. HP: 41/41 MP: 22/22
  5921 | D:5      | Reached skill level 9 in Spellcasting
  6122 | D:5      | Found a stormy altar of Qazlal.
  6355 | D:6      | Found a shimmering altar of Xom.
  6525 | D:6      | HP: 1/41 [crimson imp/+2 dagger of chaos (5)]
  6526 | D:6      | Demolished by an ogre

Illustrated notes

Levels and vault maps discovered:
D:1:      dpeg_arrival_ternary, layout_basic, minmay_quantized
D:2:      layout_loops_ring, basic_altar, hellmonk_ecumenical_altar_crossroads
D:3:      layout_loops_corners, mainiacjoe_overflow_six_doors_small,
          trog_three_pillars_becter, mainiacjoe_overflow_alcove_1, serial_shops,
          shop, hellmonk_ghost_happy_afterlife, uniq_robin
D:4:      layout_gridville, nicolae_gozag_zags_fifth_avenue,
          mainiacjoe_overflow_catwalk, grunt_ministairs_11, uniq_menkaure,
          uniq_edmund
D:5:      nicolae_cairo_tiling_large_dashed, layout_basic, grunt_qazlal_clouds,
          serial_corexii_hall, chequers_hall_statues_corner_a,
          chequers_hall_statues_corner_a, corexii_hall_statues_l,
          corexii_hall_statues_deadend
D:6:      layout_gridville, led_xom_imps, minmay_temple_entry_proselytizer

Skill      XL: |  1  2  3  4  5  6  7  8 |
---------------+-------------------------+-----
Fire Magic     | 4 5 6 7 |  7.1
Stealth        | 3 |  3.3
Conjurations   | 2 3 4 |  4.1
Spellcasting   | 4 6 7 8 9 |  9.4
Armour         | 1 |  1.5
Maces & Flails | |  0.1
Dodging        | |  2.6

Action                     |  1- 3 |  4- 6 |  7- 9 || total
---------------------------+-------+-------+-------++-------
  Melee: Unarmed           |     6 |       |       ||     6
         Flail             |       |       |   102 ||   102
         Punch             |       |       |     5 ||     5
   Cast: Foxfire           |    82 |    82 |    77 ||   241
         Scorch            |       |    44 |    38 ||    82
    Use: Scroll            |       |     6 |     1 ||     7
 Armour: Robe              |    10 |     1 |       ||    11
         Leather armour    |       |     8 |     3 ||    11
         Ring mail         |       |       |   108 ||   108
  Dodge: Dodged            |    12 |     7 |    59 ||    78

Table legend: (Time is in decaauts)
 A = Elapsed time spent in this place.
 B = Non-inter-level travel time spent in this place.
 C = Inter-level travel time spent in this place.
 D = Time resting spent in this place.
 E = Time spent auto-exploring this place.
 F = Levels seen in this place.
 G = Mean time per level.
                   A        B        C        D        E       F      G
               +--------+--------+--------+--------+--------+-----+--------+
         Total |   6564 |   6416 |    148 |    296 |   5137 |   6 | 1094.0 |
       Dungeon |   6564 |   6416 |    148 |    296 |   5137 |   6 | 1094.0 |
               +--------+--------+--------+--------+--------+-----+--------+

Top non-repeatable levels by time:
     D:3: 1715 daAuts
     D:1: 1514 daAuts
     D:2: 1139 daAuts
     D:4: 984 daAuts
     D:5: 938 daAuts
     D:6: 272 daAuts
